 Dungeon Crawl Stone Soup version 0.30.1-11-g7821555f0a (webtiles) character file.

Game seed: 17556554563617259572

277 FallenXxXSky the Spear-Bearer (level 6, -3/44 HPs)
             Began as a Gnoll Wanderer on Nov 1, 2023.
             Was a Believer of Okawaru.
             Killed by divine providence
             ... invoked by an orc priest
              (11 damage)
             ... on level 4 of the Dungeon.
             The game lasted 00:04:38 (2633 turns).

FallenXxXSky the Spear-Bearer (Gnoll Wanderer)      Turns: 2633, Time: 00:04:39

Health: -3/44      AC: 10    Str: 12 (14) XL:     6   Next: 26%
Magic:  14/14      EV: 10    Int: 11 (13) God:    Okawaru [**....]
Gold:   157        SH:  0    Dex:  8 (9)  Spells: 14/15 levels left

rFire   . . .        a - +2 spear
rCold   . . .        (no shield)
rNeg    . . .        d - +0 scale mail
rPois   .            (no helmet)
rElec   .            b - +0 cloak
rCorr   .            (no gloves)
SInv    .            g - +0 pair of boots
Will    .....        (no amulet)
Stlth   ++           (no ring)
HPRegen 0.27/turn    (no ring)
MPRegen 0.14/turn

%: no passive effects
@: heroic, hasted, very quick
A: fangs 1, strong nose, distributed training
a: Renounce Religion, Heroism


You were on level 4 of the Dungeon.
You worshipped Okawaru.
Okawaru was pleased with you.
You visited 1 branch of the dungeon, and saw 4 of its levels.

You collected 157 gold pieces.

Inventory:

Hand Weapons
 a - a +2 spear (weapon)
Armour
 b - a +0 cloak (worn)
 d - a +0 scale mail (worn)
 g - a +0 pair of boots (worn)
Scrolls
 c - a scroll of silence
 h - 2 scrolls of teleportation {unknown}
 i - a scroll of acquirement {unknown}
 j - 2 scrolls of brand weapon {unknown}
 k - 3 scrolls of identify {unknown}
 l - a scroll of enchant armour {unknown}
 n - 2 scrolls of poison {unknown}
Potions
 e - a potion of cancellation
 f - a potion of curing


   Skills:
 + Level 2.0(7.0) Fighting
 + Level 2.0(7.0) Short Blades
 + Level 2.0(7.0) Long Blades
 + Level 2.0(7.0) Axes
 + Level 2.0(7.0) Maces & Flails
 + Level 10.6(15.6) Polearms
 + Level 2.0(7.0) Staves
 + Level 2.0(7.0) Ranged Weapons
 + Level 2.0(7.0) Throwing
 + Level 2.0(7.0) Armour
 + Level 3.2(8.2) Dodging
 + Level 2.0(7.0) Stealth
 + Level 2.0(7.0) Shields
 + Level 2.0(7.0) Unarmed Combat
 + Level 5.3 Spellcasting
 + Level 1.5 Conjurations
 + Level 1.5 Hexes
 + Level 4.1 Summonings
 + Level 1.5 Necromancy
 + Level 1.5 Translocations
 + Level 1.5 Transmutations
 + Level 1.5 Fire Magic
 + Level 1.5 Ice Magic
 + Level 1.5 Air Magic
 + Level 1.5 Earth Magic
 + Level 1.5 Poison Magic
 + Level 2.1 Invocations
 + Level 2.0 Evocations


You had 14 spell levels left.
You knew the following spells:

 Your Spells              Type           Power      Damage    Failure   Level
a - Summon Small Mammal   Summ           48%        N/A       16%         1

Your spell library contained the following spells:

 Spells                   Type           Power      Damage    Failure   Level
 Call Canine Familiar     Summ           Unusable   N/A       N/A         3

Dungeon Overview and Level Annotations

Branches:
Dungeon (4/15)
 Temple: D:4-7

Altars:
Gozag
Hepliaklqana
Okawaru

Annotations:
D:2 Sigmund, Terence


Innate Abilities, Weirdness & Mutations

You have very sharp teeth.
Your uncanny sense of smell can sniff out nearby items.
Your experience applies equally to all skills.


Message History

Beogh smites you!
* * * LOW HITPOINT WARNING * * *
Something hits you but does no damage. x2
It was a potion of curing.
You feel better.
Something hits you but does no damage. x2
It was a potion of cancellation.
You feel magically purged.
The orc priest invokes the aid of Beogh against you.
Something writhes in agony.
Something hits you.
* * * LOW HITPOINT WARNING * * *
Something hits you.
* * * LOW HITPOINT WARNING * * *
It was a potion of magic.
Magic courses through your body.
You hear some strange, mumbled words.
You are confused.
Something hits you but does no damage.
You feel better.
Something hits you but does no damage. x2
It was a potion of haste.
You feel yourself speed up.
The orc priest invokes the aid of Beogh against you.
Beogh smites you!
* * * LOW HITPOINT WARNING * * *
It was a potion of degeneration.
There was something very wrong with that liquid.
You feel weakened.
You feel dopey.
You feel clumsy.
Reach: a) +2 spear
Press: ? - help, Dir - move target, f/p - orc priest
Aim: an orc priest, wielding a +0 club and wearing a +0 ring mail (about 27% to evade your +2 spear)
You reach to attack!
You barely miss the orc priest. Something hits you but does no damage.
You hear some strange, mumbled words.
A magic dart appears from out of thin air!
The magic dart hits you.
* * * LOW HITPOINT WARNING * * *
Okay, then.
You feel better.
Unknown command.
Something hits you but does no damage.
You hear some strange, mumbled words.
The orc priest calls down the wrath of Beogh upon you.
Beogh smites you!
You die...

#.#.#.##.#.##...#
#.#.#.##.#.#.....
#.#.#....[.......
#.#.##.#.........
##.....#..........
#####..###.##.#.#o...
#......# #.###).##...
######.###..###o##{o.#
#.# #......#
#@...o.#....# .#
#.########.####...#.##
#......)...# ##.##.#
#.########.# #.##.#
#.# #.# #.##.# #.# #.#
#.##.# #.##### #.###
#....# #.....# #...#
#.#### #.###.# #.#.#
#.#


You could see an orc priest and an orc.

Vanquished Creatures
  A scorpion (D:4)
  An orc priest (D:4)
  An iguana (D:4)
  A sleepcap (D:4)
  Robin (D:3)
  4 adders
  2 worms
  3 dart slugs
  5 orcs
  9 endoplasms
  4 giant cockroaches
  14 goblins
  5 hobgoblins
  3 jackals (D:1)
  3 kobolds
  A quokka (D:2)
  6 ball pythons
  4 bats
  3 frilled lizards (D:1)
  5 rats
76 creatures vanquished.

Notes
Turn   | Place    | Note
-------+----------+-------------------------------------------
     0 | D:1      | Reached skill level 10 in Polearms
     0 | D:1      | FallenXxXSky the Gnoll Wanderer began the quest for the
                  | Orb.
     0 | D:1      | FallenXxXSky set off with the following items: a +2 spear,
                  | a +0 cloak, a scroll of silence, a +0 robe; and the
                  | following spell memorised: Summon Small Mammal; and the
                  | following spells available to memorise: Call Canine
                  | Familiar.
     0 | D:1      | Reached XP level 1. HP: 13/13 MP: 6/6
    72 | D:1      | Reached XP level 2. HP: 19/19 MP: 7/7
    82 | D:1      | You fall into a shaft and drop 1 floor!
    82 | D:2      | Found a faded altar of an unknown god.
    86 | D:2      | Prayed at the altar of an unknown god.
    86 | D:2      | Became a worshipper of Warmaster Okawaru
    86 | D:2      | Reached * piety under Okawaru
   180 | D:2      | Noticed Sigmund
   181 | D:2      | Noticed Terence
   275 | D:3      | Noticed Robin
   420 | D:1      | Reached skill level 5 in Spellcasting
   420 | D:1      | Reached XP level 3. HP: 25/25 MP: 7/9
   741 | D:1      | Reached skill level 1 in Invocations
  1063 | D:2      | Found an opulent altar of Gozag.
  1074 | D:2      | Reached skill level 1 in Fighting
  1074 | D:2      | Reached skill level 1 in Short Blades
  1074 | D:2      | Reached skill level 1 in Long Blades
  1074 | D:2      | Reached skill level 1 in Axes
  1074 | D:2      | Reached skill level 1 in Maces & Flails
  1074 | D:2      | Reached skill level 1 in Staves
  1074 | D:2      | Reached skill level 1 in Ranged Weapons
  1074 | D:2      | Reached skill level 1 in Throwing
  1074 | D:2      | Reached skill level 1 in Armour
  1074 | D:2      | Reached skill level 1 in Stealth
  1074 | D:2      | Reached skill level 1 in Shields
  1074 | D:2      | Reached skill level 1 in Unarmed Combat
  1074 | D:2      | Reached skill level 1 in Evocations
  1124 | D:3      | Reached XP level 4. HP: 32/32 MP: 11/11
  1167 | D:3      | Killed Robin
  1168 | D:3      | Reached skill level 1 in Conjurations
  1168 | D:3      | Reached skill level 1 in Hexes
  1168 | D:3      | Reached skill level 1 in Necromancy
  1168 | D:3      | Reached skill level 1 in Translocations
  1168 | D:3      | Reached skill level 1 in Transmutations
  1168 | D:3      | Reached skill level 1 in Fire Magic
  1168 | D:3      | Reached skill level 1 in Ice Magic
  1168 | D:3      | Reached skill level 1 in Air Magic
  1168 | D:3      | Reached skill level 1 in Earth Magic
  1168 | D:3      | Reached skill level 1 in Poison Magic
  1837 | D:3      | Found a hazy altar of Hepliaklqana.
  2194 | D:4      | Noticed a scorpion
  2210 | D:4      | Killed a scorpion
  2210 | D:4      | Reached ** piety under Okawaru
  2211 | D:4      | Reached XP level 5. HP: 37/37 MP: 12/12
  2322 | D:4      | Identified the +4 ring mail "Roephiuz" {rN+ Str+6 Dex-4}
  2451 | D:4      | Reached XP level 6. HP: 36/44 MP: 14/14
  2622 | D:4      | HP: 1/44 [something/magic dart (6)]
  2633 | D:4      | Killed from afar by an orc priest

Illustrated notes

Levels and vault maps discovered:
D:1:      nicolae_arrival_memento_mori, layout_loops_cross,
          minmay_misc_feat_four_crosses, skrybe_limestone_x
D:2:      layout_loops_cross, dreamdust_ecumenical_altar_statues, basic_altar,
          serial_bayou_ford_a, uniq_sigmund, uniq_terence, uniq_jessica
D:3:      layout_loops_corners, marbit_many_paths, minmay_ruptured, uniq_robin
D:4:      layout_loops_ring

Skill      XL: |  1  2  3  4  5  6 |
---------------+-------------------+-----
Polearms       | | 10.6
Spellcasting   | 5 |  5.3
Invocations    | 1 2 |  2.1
Fighting       | 1 2 |  2.0
Short Blades   | 1 2 |  2.0
Long Blades    | 1 2 |  2.0
Axes           | 1 2 |  2.0
Maces & Flails | 1 2 |  2.0
Staves         | 1 2 |  2.0
Ranged Weapons | 1 2 |  2.0
Throwing       | 1 2 |  2.0
Armour         | 1 2 |  2.0
Stealth        | 1 2 |  2.0
Shields        | 1 2 |  2.0
Unarmed Combat | 1 2 |  2.0
Evocations     | 1 2 |  2.0
Conjurations   | 1 |  1.5
Hexes          | 1 |  1.5
Necromancy     | 1 |  1.5
Translocations | 1 |  1.5
Transmutations | 1 |  1.5
Fire Magic     | 1 |  1.5
Ice Magic      | 1 |  1.5
Air Magic      | 1 |  1.5
Earth Magic    | 1 |  1.5
Poison Magic   | 1 |  1.5
Dodging        | 3 |  3.2
Summonings     | 4 |  4.1

Action                     |  1- 3 |  4- 6 || total
---------------------------+-------+-------++-------
  Melee: Spear             |    77 |   178 ||   255
         Bite              |     2 |    15 ||    17
         Punch             |       |     5 ||     5
   Cast: Summon Small Mamm |     2 |       ||     2
 Invoke: Heroism           |       |     1 ||     1
    Use: Potion            |       |     7 ||     7
 Armour: Robe              |     9 |       ||     9
         Ring mail         |     5 |       ||     5
         Scale mail        |       |    46 ||    46
  Dodge: Dodged            |    14 |    31 ||    45
